 Dungeon Crawl Stone Soup version 0.20.1-1-g8b1a95d (webtiles) character file.

4538 Irenicus the Cleaver (level 10, -7/75 HPs)
             Began as a Deep Dwarf Monk on Oct 27, 2017.
             Was a Priest of Makhleb.
             Mangled by a polar bear (8 damage)
             ... in an ice cave.
             The game lasted 00:26:51 (5999 turns).

Irenicus the Cleaver (Deep Dwarf Monk)              Turns: 5999, Time: 00:26:52

Health: -7/75      AC:  4    Str: 17    XL:     10   Next: 17%
Magic:  8/8        EV: 17    Int: 11    God:    Makhleb [***...]
Gold:   493        SH:  0    Dex: 18    Spells: 8/9 levels left

rFire    + . .     SeeInvis +   u - +1 war axe
rCold    . . .     Gourm    .   (no shield)
rNeg     . . .     Faith    .   f - +0 leather armour of Yghek {rF+}
rPois    .         Spirit   .   (no helmet)
rElec    .         Reflect  .   j - scarf {repulsion}
rCorr    .         Harm     .   (no gloves)
MR       +....                  o - +0 pair of boots
Stlth    ++........             (no amulet)
Regen    0.0/turn               B - +4 ring of slaying
MPRegen  0.2/turn               r - ring of see invisible

@: non-regenerating, repel missiles
A: damage resistance, heal wounds, fangs 1, blurry vision 1, frail 1, sense
surroundings 2, strong 1, no regeneration
a: Heal Wounds, Minor Destruction, Lesser Servant of Makhleb, Renounce Religion


You were in an ice cave.
You worshipped Makhleb.
Makhleb was most pleased with you.
You were not hungry.

You visited 2 branches of the dungeon, and saw 10 of its levels.
You also visited: Ice Cave.

You collected 493 gold pieces.

Inventory:

Hand Weapons
 a - a +0 hand axe
 u - a +1 war axe (weapon)
 D - a +0 broad axe
Armour
 f - the +0 leather armour of Yghek (worn) {rF+}
   (You found it on level 11 of the Dungeon)

   It protects you from fire.
 j - a scarf of repulsion (worn)
 m - a +0 leather armour
 o - a +0 pair of boots (worn)
Jewellery
 r - a ring of see invisible (right hand)
 s - an uncursed ring of resist corrosion
 B - a +4 ring of slaying (left hand)
Wands
 e - a wand of flame (0/48)
 w - a wand of iceblast (1/15)
 x - a wand of random effects (4/48)
 y - a wand of flame (0/48)
Scrolls
 d - 3 scrolls of enchant weapon
 l - 4 scrolls of identify
 p - 2 scrolls of blinking {unknown}
 q - 3 scrolls of enchant armour {unknown}
 t - 2 scrolls of magic mapping
 z - 2 scrolls of amnesia {unknown}
 A - 2 scrolls of immolation {unknown}
 E - a scroll of teleportation
 G - 2 scrolls of remove curse {unknown}
 H - a scroll of vulnerability {unknown}
Potions
 b - 2 potions of curing
 v - a potion of brilliance
 C - a potion of haste
 F - a potion of resistance
Books
 g - a book of Misfortune

   Spells                             Type                      Level
   a - Confusing Touch                Hexes                        1
   b - Confuse                        Hexes                        3
   c - Gell's Gravitas                Translocation                3
   d - Petrify                        Transmutation/Earth          4
   e - Metabolic Englaciation         Hexes/Ice                    5
   f - Yara's Violent Unravelling     Hexes/Transmutation          5
 I - a book of Battle

   Spells                             Type                      Level
   a - Infusion                       Charms                       1
   b - Shroud of Golubria             Charms/Translocation         2
   c - Song of Slaying                Charms                       2
   d - Spectral Weapon                Hexes/Charms                 3
   e - Regeneration                   Charms/Necromancy            3
Comestibles
 c - 5 bread rations
 h - 10 fruits
 i - 7 meat rations
 n - 15 royal jellies


   Skills:
 - Level 3.0 Fighting
 - Level 14.0 Axes
 + Level 7.8 Dodging
 - Level 2.4 Stealth
 - Level 2.0 Charms
 - Level 1.0 Evocations


You had 8 spell levels left.
You knew the following spells:

 Your Spells              Type           Power        Failure   Level  Hunger
a - Infusion              Chrm           #...         19%         1    ##.....


Dungeon Overview and Level Annotations

Branches:
Dungeon (11/15)            Temple (1/1) D:6
   Lair: D:8-11         Orc: D:9-12

Altars:
Ashenzari
Cheibriados
Dithmenos
Elyvilon
Fedhas
Hepliaklqana
Kikubaaqudgha
Makhleb
Nemelex Xobeh
Okawaru
Qazlal
Ru
Sif Muna
Trog
Uskayaw
Vehumet
Xom
Yredelemnul
Zin
The Shining One

Shops:
D:5 *

Annotations:
D:5 1 transporter


Innate Abilities, Weirdness & Mutations

You are resistant to damage.
You can heal yourself by infusing magical energy.
You passively map the area around you.
You do not regenerate.
You have very sharp teeth.
Scrolls take you a little longer to read.
You are frail. (-10% HP)
Your muscles are strong. (Str +2)


Message History

You hit the polar bear.
The polar bear is almost dead.
You hit the polar bear but do no damage.
You hit the polar bear. You hit the wolf but do no damage. The wolf bites you!
* * * LOW HITPOINT WARNING * * *
The polar bear barely misses you.
The polar bear claws you but does no damage.
The polar bear barely misses you. The wolf barely misses you.
The polar bear completely misses you. The polar bear closely misses you.
The polar bear claws you.
* * * LOW HITPOINT WARNING * * *
The polar bear closely misses you.
The polar bear claws you but does no damage.
The polar bear claws you.
* * * LOW HITPOINT WARNING * * *
The polar bear barely misses you. x2; The polar bear closely misses you.
You feel much better. The wolf bites you. The polar bear bites you!!
* * * LOW HITPOINT WARNING * * *
The polar bear closely misses you. x2; The polar bear bites you!
You die...

* , , , ,* ####
##..###### *,,,
, ##....##†h##
* *
#....†..@hh##
#.∩.∩...hh..#
,,
#.......##....#
, ##....###
#..## ** ##..##
### * ####* ≈ ,
* * ≈ ≈≈ * , ≈
≈ ** ≈≈ * * *≈
**


You could see 4 polar bears and a wolf.

Vanquished Creatures
  Pikel (D:6)
  A polar bear (IceCv)
  Grinder (D:6)
  A hungry ghost (D:8)
  3 water moccasins (D:5)
  3 ice beasts
  A black bear (D:8)
  A sky beast (D:7)
  A phantom (D:7)
  3 ogres
  5 wolves (IceCv)
  A centaur (D:5)
  2 big kobolds (D:7)
  A bullfrog (D:6)
  A wyvern zombie (D:8)
  2 scorpions
  6 killer bees (D:8)
  4 jellies
  7 howler monkeys
  2 electric eels (D:5)
  2 crimson imps (D:5)
  A centaur zombie (D:8)
  A quasit (D:6)
  3 hounds
  A gnoll shaman (D:8)
  2 orc priests
  A bullfrog skeleton (D:4)
  5 orc wizards
  A worker ant (D:8)
  A hound zombie (D:8)
  A hound skeleton (D:6)
  2 worker ant zombies
  9 gnolls
  6 adders
  A shadow imp (D:8)
  7 oozes
  An adder skeleton (D:8)
  3 worms
  A leopard gecko (D:1)
  21 orcs
  3 bat zombies (D:4)
  4 giant cockroaches
  8 hobgoblins
  8 jackals
  18 kobolds
  2 quokkas
  4 ball pythons
  9 bats
  5 frilled lizards
  10 goblins
  2 leopard gecko zombies
  9 rats
  A rat zombie (D:4)
200 creatures vanquished.

Vanquished Creatures (others)
  An orc (D:5)
1 creature vanquished.

Grand Total: 201 creatures vanquished

Notes
Turn   | Place    | Note
-------+----------+-------------------------------------------
     0 | D:1      | Irenicus the Deep Dwarf Monk began the quest for the Orb.
     0 | D:1      | Reached XP level 1. HP: 20/20 MP: 1/1
   130 | D:1      | Reached XP level 2. HP: 21/27 MP: 2/2
   163 | D:1      | Reached skill level 4 in Axes
   665 | D:1      | Reached XP level 3. HP: 20/33 MP: 3/3
  1050 | D:2      | Reached skill level 5 in Axes
  1682 | D:3      | Found a white marble altar of Elyvilon.
  1869 | D:3      | Reached XP level 4. HP: 18/40 MP: 4/4
  2675 | D:4      | Found an ancient bone altar of Kikubaaqudgha.
  2788 | D:4      | Reached skill level 6 in Axes
  2788 | D:4      | Reached XP level 5. HP: 41/46 MP: 5/5
  2789 | D:4      | Found a glowing golden altar of the Shining One.
  2989 | D:4      | Reached skill level 7 in Axes
  3107 | D:5      | Entered Level 5 of the Dungeon
  3108 | D:5      | Noticed a centaur
  3145 | D:5      | Killed a centaur
  3145 | D:5      | Reached XP level 6. HP: 14/55 MP: 6/6
  3259 | D:5      | Noticed an ice beast
  3281 | D:5      | Found a transporter.
  3297 | D:5      | Reached skill level 8 in Axes
  3306 | D:5      | Noticed an ice beast
  3307 | D:5      | Found a transporter.
  3344 | D:5      | Found a shadowy altar of Dithmenos.
  3508 | D:5      | Found Acox's Serpentskin Sales.
  3508 | D:5      | Noticed a water moccasin
  3512 | D:5      | Noticed a water moccasin
  3512 | D:5      | Noticed a water moccasin
  3527 | D:5      | Killed a water moccasin
  3527 | D:5      | Reached skill level 9 in Axes
  3527 | D:5      | Reached XP level 7. HP: 34/61 MP: 6/6
  3703 | D:5      | Reached skill level 10 in Axes
  3744 | D:5      | Reached XP level 8. HP: 22/68 MP: 6/6
  3883 | D:5      | Reached skill level 11 in Axes
  3984 | D:6      | Found a staircase to the Ecumenical Temple.
  3994 | Temple   | Entered the Ecumenical Temple
  4047 | Temple   | Became a worshipper of Makhleb the Destroyer
  4047 | Temple   | Reached * piety under Makhleb
  4047 | Temple   | Reached ** piety under Makhleb
  4299 | D:6      | Noticed Grinder
  4338 | D:6      | Reached skill level 1 in Evocations
  4443 | D:6      | Paralysed by Grinder for 6 turns
  4451 | D:6      | Killed Grinder
  4451 | D:6      | Reached skill level 12 in Axes
  4481 | D:6      | Noticed Pikel
  4493 | D:6      | Killed Pikel
  4493 | D:6      | Reached skill level 13 in Axes
  4493 | D:6      | Gained mutation: You passively map the area around you. [Deep Dwarf growth]
  4493 | D:6      | Reached XP level 9. HP: 23/74 MP: 7/7
  4591 | D:6      | Found a blossoming altar of Fedhas.
  4837 | D:7      | Gained mutation: You have very sharp teeth. [potion of mutation]
  4837 | D:7      | Gained mutation: You are frail. (-10% HP) [potion of mutation]
  4837 | D:7      | Gained mutation: Scrolls take you a little longer to read. [potion of mutation]
  4837 | D:7      | Gained mutation: Your muscles are strong. (Str +2) [potion of mutation]
  5222 | D:8      | Reached *** piety under Makhleb
  5222 | D:8      | Reached skill level 14 in Axes
  5329 | D:8      | Found a hide-covered altar of Uskayaw.
  5350 | D:8      | Reached skill level 5 in Dodging
  5387 | D:8      | Learned a level 1 spell: Infusion
  5420 | D:8      | Reached skill level 1 in Charms
  5691 | D:8      | Reached XP level 10. HP: 68/75 MP: 8/8
  5868 | D:8      | You fall through a shaft for 3 floors!
  5928 | D:11     | Found a frozen archway.
  5938 | D:11     | Got a twisted leather armour
  5949 | D:11     | Identified the +0 leather armour of Yghek {rF+} (You found it on level 11 of the Dungeon)
  5964 | IceCv    | Entered an ice cave
  5999 | IceCv    | HP: 1/75 [polar bear (25)]
  5999 | IceCv    | Mangled by a polar bear

Skill      XL: |  1  2  3  4  5  6  7  8  9 10 |
---------------+-------------------------------+-----
Axes           | 4 5 6 7 9 10 13 14 | 14.0
Evocations     | 1 |  1.0
Dodging        | 6 7 |  7.8
Fighting       | 3 |  3.0
Charms         | 2 |  2.0
Stealth        | |  2.4

Action                   |  1- 3 |  4- 6 |  7- 9 | 10-12 || total
-------------------------+-------+-------+-------+-------++-------
Melee: Hand axe          |   171 |   238 |   342 |       ||   751
       War axe           |       |       |    80 |    32 ||   112
       Bite              |       |       |    20 |     6 ||    26
 Cast: Infusion          |       |       |     2 |       ||     2
 Abil: Heal Wounds       |       |     3 |     5 |     1 ||     9
Evoke: Wand              |       |       |    15 |     1 ||    16
  Use: Potion            |     1 |     9 |     3 |       ||    13
       Scroll            |       |     2 |     2 |     3 ||     7
 Stab: Sleeping          |     4 |     3 |     4 |       ||    11
       Paralysed         |       |       |     4 |       ||     4
       Confused          |       |       |       |     2 ||     2
  Eat: Chunk             |     3 |     6 |     8 |       ||    17
       Meat ration       |       |       |       |     1 ||     1
Armor: Robe              |    20 |       |       |       ||    20
       Leather armour    |    14 |    46 |    52 |    10 ||   122
       Skin              |       |     4 |    33 |       ||    37
Dodge: Dodged            |   118 |   148 |   195 |    52 ||   513
       Deflected         |       |     4 |     3 |       ||     7
